[Event "Kezmarok Chess Open 2022"]
[Site "Kezmarok"]
[Date "2022.09.30"]
[Round "8.11"]
[White "Fizerova, Lucie"]
[Black "Rak, Martin"]
[Result "1/2-1/2"]
[ECO "A04"]
[WhiteElo "1779"]
[BlackElo "1805"]
[Annotator "NA RC COMBH"]
[PlyCount "64"]
[EventDate "2022.09.24"]
[EventType "swiss"]
[EventCountry "SVK"]
[SourceTitle "playchess.com"]
[Source "ChessBase"]
[SourceQuality "1"]
[TimeControl "40/5400+30:1800+30"]

1. Nf3 f5 2. g3 Nf6 3. Bg2 d6 4. O-O g6 5. d3 Bg7 6. Nbd2 O-O 7. e4 Nc6 8. c3 fxe4 9. dxe4 e5 10. Qb3+ Kh8 11. Qc2 a5 12. b3 b6 13. Ba3 Nd7 14. Rad1 Nc5 15. Ne1 Ba6 16. c4 Nd4 17. Qb2 Nce6 18. Nef3 Bb7 19. Nxd4 Nxd4 20. b4 axb4 21. Bxb4 c5 22. Bc3 Ne2+ 23. Kh1 Nxc3 24. Qxc3 Rxa2 25. Ra1 Rxa1 26. Qxa1 Qc7 27. Qb2 Bc6 28. Nb1 Qb7 29. Nc3 Rb8 30. Rd1 Qc7 31. Nb5 Bxb5 32. Qxb5 Rf8 1/2-1/2

[Event "Kezmarok Chess Open 2022"]
[Site "Kezmarok"]
[Date "2022.09.30"]
[Round "8.12"]
[White "Smetana, Peter"]
[Black "Ropovik, Samuel"]
[Result "1-0"]
[ECO "A10"]
[WhiteElo "1715"]
[BlackElo "1497"]
[Annotator "NA RC COMBH"]
[PlyCount "121"]
[EventDate "2022.09.24"]
[EventType "swiss"]
[EventCountry "SVK"]
[SourceTitle "playchess.com"]
[Source "ChessBase"]
[SourceQuality "1"]
[TimeControl "40/5400+30:1800+30"]

1. c4 g6 2. Nf3 Bg7 3. g3 c5 4. Bg2 Nc6 5. O-O d6 6. d3 Bf5 7. Nc3 e5 8. a3 Nge7 9. Rb1 O-O 10. b4 Qd7 11. Be3 Nd4 12. bxc5 dxc5 13. Nh4 Rab8 14. Nxf5 Nexf5 15. Bxd4 exd4 16. Ne4 b6 17. Bh3 Rbd8 18. Bxf5 Qxf5 19. a4 Qd7 20. a5 Qc7 21. axb6 axb6 22. Rb5 f5 23. Ng5 Rfe8 24. Qc2 Qe7 25. Nf3 Qxe2 26. Qxe2 Rxe2 27. Rxb6 Ra8 28. Re1 Raa2 29. Rxe2 Rxe2 30. Rb5 Bf8 31. h4 Rc2 32. Ne1 Rd2 33. Kf1 Kf7 34. Rb6 Kg7 35. Rb7+ Kg8 36. Rc7 Bd6 37. Rc6 Bf8 38. Re6 Kf7 39. Re2 Bh6 40. Rxd2 Bxd2 41. Nf3 Bc1 42. Ne5+ Ke6 43. f4 Ba3 44. Ke2 Kf6 45. Nd7+ Ke7 46. Nb6 Ke6 47. Nd5 h6 48. Kf3 h5 49. Ke2 Kd6 50. Kd1 Bb2 51. Kc2 Ba3 52. Nf6 Bb4 53. Kd1 Ba5 54. Nh7 Ke7 55. Ng5 Bc7 56. Nf3 Kf6 57. Kc2 Ba5 58. Kb3 Ke6 59. Ka4 Bb4 60. Nxd4+ cxd4 61. Kxb4 1-0

[Event "Kezmarok Chess Open 2022"]
[Site "Kezmarok"]
[Date "2022.09.30"]
[Round "8.13"]
[White "Skapikova, Lubica"]
[Black "Fizer, Marek"]
[Result "0-1"]
[ECO "B30"]
[WhiteElo "1823"]
[BlackElo "1963"]
[Annotator "TA"]
[PlyCount "84"]
[EventDate "2022.09.24"]
[EventType "swiss"]
[EventCountry "SVK"]
[SourceTitle "playchess.com"]
[Source "ChessBase"]
[SourceQuality "1"]
[TimeControl "40/5400+30:1800+30"]

1. e4 c5 2. Nf3 Nc6 3. g3 g6 4. Bg2 Bg7 5. O-O d6 6. d3 e5 7. Nc3 Nge7 8. Nh4 O-O 9. f4 Nd4 {[%emt 0:01:47] Inhibits f5. B25: Closed Sicilian: 3 g3, lines without early Be3.} 10. Ne2 (10. f5 $11 gxf5 11. exf5 Nexf5 12. Nxf5 Bxf5 13. Bxb7) 10... Bg4 11. Nf3 Qd7 {[%emt 0:11:04] Black is much more active. Black is better.} 12. c3 Nxf3+ 13. Bxf3 Bxf3 14. Rxf3 {[%emt 0:00:05] [#]} b5 $146 (14... d5 $5 15. Rf1 Rad8 $15) ({Predecessor:} 14... d5 15. Qc2 Rad8 16. fxe5 dxe4 17. dxe4 Nc6 18. Bf4 Bxe5 19. Bh6 Bg7 20. Bxg7 Kxg7 {0-1 (60) Pujante Martinez,R (1813)-Aguilera Lopez,A (2223) Salobrena 2019}) 15. Be3 Qc6 16. fxe5 dxe5 17. Qc2 {[%emt 0:03:50] [#]} (17. b4 $11 {remains equal.} cxb4 18. cxb4) 17... Nf5 $1 $17 18. Raf1 (18. Bf2 $142) (18. a4 Nxe3) 18... Nd6 (18... Nxe3 $17 19. Rxe3 c4) 19. g4 $1 $11 c4 {[%emt 0:02:02] Strongly threatening ...cxd3.} 20. Ng3 cxd3 21. Qxd3 Nc4 22. b3 (22. Bc1 $11 {keeps the balance.}) 22... Rad8 23. Qc2 (23. Qe2 $17 Nxe3 24. Qxe3) 23... Nxe3 $19 24. Rxe3 Qd7 (24... Qc5 $19 25. Qf2 Bh6) 25. h3 $17 Bh6 26. Ref3 Qd2 27. R1f2 Qe1+ 28. Nf1 Bf4 29. Qe2 Rd1 30. Kg2 Rfd8 31. Qxb5 $2 (31. h4 $17 {keeps fighting.}) 31... Qxe4 $19 32. Ng3 Qb1 ({Inferior is} 32... Qe1 33. Qf1 $17) (32... Qa8 $142 {...Re1 is the strong threat.} 33. Qe2 Bxg3 34. Kxg3 e4) 33. Nf1 g5 (33... Re1 $19 {aiming for ...Qe4.} 34. Qb7 Kg7) 34. a4 $2 ({White has to play} 34. Rxf4 $1 $15 gxf4 35. Qxe5) 34... Qg6 (34... Re1 $19 {has better winning chances.} 35. c4 Rdd1) 35. Ne3 $17 Re1 $40 {[%emt 0:03:45][%mdl 128] Black attacks.} (35... R1d7 $17 {And now ...e4 would win.} 36. Nf5 Qe6) 36. Nd5 $2 {[%emt 0:03:16][%mdl 8192] [#]} (36. Nf5 $11 Kh8 37. Rd3 Rxd3 38. Qxd3 Qc6+ 39. Rf3) 36... Qb1 $1 $19 37. Nf6+ Kg7 38. Nh5+ Kh8 39. Rf1 {[%emt 0:01:19] Against Rg1+} Qc2+ (39... Rd2+ $142 40. Kg1 Rxf1+ 41. Qxf1 Rd1 42. Nxf4 gxf4 43. Qxd1 Qxd1+ 44. Rf1 Qxb3) 40. R3f2 {[%emt 0:00:10] [#]} Qe4+ ({Don't take} 40... Qxc3 41. Qa6 e4 42. Rxe1 $18) 41. Rf3 (41. Kg1 $142 Rxf1+ 42. Qxf1) 41... Re2+ ({And not} 41... Rd2+ 42. R1f2 Rd8 43. Qa6 $15) 42. Kh1 {[%emt 0:00:00] [#]} Qxf3+ $3 {[%emt 0:00:00][%mdl 512] Weighted Error Value: White=0.89/Black=0.49} 0-1

[Event "Kezmarok Chess Open 2022"]
[Site "Kezmarok"]
[Date "2022.09.30"]
[Round "8.14"]
[White "Straka, Simon"]
[Black "Hagara, Eduard"]
[Result "1-0"]
[ECO "A40"]
[WhiteElo "1732"]
[BlackElo "1734"]
[Annotator "NA RC COMBH"]
[PlyCount "83"]
[EventDate "2022.09.24"]
[EventType "swiss"]
[EventCountry "SVK"]
[SourceTitle "playchess.com"]
[Source "ChessBase"]
[SourceQuality "1"]
[TimeControl "40/5400+30:1800+30"]

1. d4 e5 2. dxe5 Nc6 3. Nf3 Qe7 4. Bf4 Qb4+ 5. Bd2 Qxb2 6. Nc3 Bb4 7. Rb1 Qa3 8. Nd5 Bxd2+ 9. Qxd2 Qxa2 10. Rd1 Kf8 11. Nxc7 Rb8 12. e4 Qa5 13. Qxa5 Nxa5 14. Nb5 a6 15. Nd6 g6 16. Rd5 b5 17. Be2 Ne7 18. Rd1 h6 19. O-O Kg7 20. Nxc8 Rhxc8 21. Rxd7 Nac6 22. Rb1 Rd8 23. Rd6 Ra8 24. Ra1 Rdc8 25. Rd7 Re8 26. Rb7 Nc8 27. Bxb5 N8e7 28. Rxa6 Rab8 29. Bxc6 Nxc6 30. Rxb8 Rxb8 31. Ra1 Rb2 32. Rc1 Nb4 33. Ne1 Na2 34. Ra1 Nb4 35. Nd3 Nxd3 36. cxd3 Rd2 37. f3 Rxd3 38. Kf2 g5 39. Ra7 Kg6 40. Ra6+ Kg7 41. e6 h5 42. e7 1-0

[Event "Kezmarok Chess Open 2022"]
[Site "Kezmarok"]
[Date "2022.09.30"]
[Round "8.15"]
[White "Belus, Benjamin"]
[Black "Kapolkova, Greta"]
[Result "1/2-1/2"]
[ECO "A20"]
[WhiteElo "1932"]
[BlackElo "1723"]
[Annotator "TA"]
[PlyCount "72"]
[EventDate "2022.09.24"]
[EventType "swiss"]
[EventCountry "SVK"]
[SourceTitle "playchess.com"]
[Source "ChessBase"]
[SourceQuality "1"]
[TimeControl "40/5400+30:1800+30"]

1. c4 e5 2. g3 c6 3. Bg2 d5 4. cxd5 cxd5 5. d4 e4 6. e3 {[%emt 0:00:26] A20: English Opening: 1...e5.} Nf6 7. Ne2 {[%emt 0:00:03] [#]} ({Better is} 7. f3 $11) 7... Na6 $146 (7... h5 $15 {might be stronger.}) ({Predecessor:} 7... Bd6 8. Nbc3 O-O 9. h3 Nc6 10. O-O h5 11. Nf4 Bxf4 12. gxf4 Bf5 13. Kh2 Rc8 {1-0 (34) Sihite,C (2252)-Khabinets,I (1980) Chess.com INT 2022}) 8. a3 {[%emt 0:00:52] The position is equal.} h5 9. h4 Nc7 10. Nbc3 Bg4 11. Qa4+ Bd7 12. Qb3 Bc6 13. Bd2 Bd6 14. Rc1 Ng4 15. f3 exf3 16. Bxf3 O-O 17. Nf4 (17. e4 $15) 17... Bxf4 $17 18. gxf4 Qd7 19. Ne2 Rfe8 20. Bxg4 Qxg4 (20... hxg4 $17 21. h5 Qe6) 21. Kf2 $15 g6 ({Much weaker is} 21... Bb5 22. Ng3 Rec8 23. Rxc7 Rxc7 24. Qxb5 $11) (21... Nb5 $15 22. Qd1 Nd6) 22. Rcg1 $14 Qe6 (22... Qd7 $11 {remains equal.}) 23. Ng3 (23. Rg5 $1 $16) 23... Kh8 {[%emt 0:01:42] [#]} 24. Qc2 (24. Nxh5 $1 $16 {[%cal Og1g5] Hoping for Rg5!} Nb5 25. Rg5) 24... f5 $15 25. Nf1 Nb5 26. Rg2 (26. Bb4 $15) 26... Nd6 $17 27. Rhg1 Ne4+ 28. Kf3 {[%emt 0:00:10] [#]} Rg8 29. Ng3 Nf6 30. Nh1 Kh7 (30... Ng4 $142 31. Nf2 Rac8) 31. Nf2 Rac8 32. Qd1 Qd7 (32... Bd7 $17) 33. Bc3 (33. Nd3 $11) 33... Qe7 {[%emt 0:01:03] Strongly threatening ...Ng4.} 34. Nh3 Ng4 35. Ng5+ Kh6 36. Bd2 {[%emt 0:00:40] [#]} (36. Re1 $15) 36... Be8 {[%emt 0:00:49] Weighted Error Value: White=0.29 (precise) /Black=0.26 (precise)} ({Black should try} 36... Bb5 $1 $17 37. Kg3 Bd3) 1/2-1/2

[Event "Kezmarok Chess Open 2022"]
[Site "Kezmarok"]
[Date "2022.09.30"]
[Round "8.16"]
[White "Mazak, Ryan"]
[Black "Velychko, Sofiya"]
[Result "1-0"]
[ECO "B32"]
[WhiteElo "1590"]
[BlackElo "1371"]
[Annotator "NA COMBH"]
[PlyCount "55"]
[EventDate "2022.09.24"]
[EventType "swiss"]
[EventCountry "SVK"]
[SourceTitle "playchess.com"]
[Source "ChessBase"]
[SourceQuality "1"]
[TimeControl "40/5400+30:1800+30"]

1. e4 c5 2. Nf3 Nc6 3. d4 cxd4 4. c3 Nf6 5. e5 Nd5 6. Bc4 Nb6 7. Bb3 dxc3 8. Nxc3 e6 9. O-O Be7 10. Bc2 Nb4 11. Be4 O-O 12. a3 Nc6 13. Bf4 f6 14. exf6 Bxf6 15. Bd6 Be7 16. Nb5 Bxd6 17. Nxd6 Rb8 18. h4 Ne7 19. Bxh7+ Kxh7 20. Ng5+ Kg6 21. Qg4 Kf6 22. Nge4+ Ke5 23. Qxg7+ Kd5 24. Qc3 Nc4 25. Rfd1+ Kc6 26. Qxc4+ Kb6 27. Qc5+ Ka6 28. Qb5# 1-0

[Event "Kezmarok Chess Open 2022"]
[Site "Kezmarok"]
[Date "2022.09.30"]
[Round "8.17"]
[White "Vestur, Rastislav"]
[Black "Horbalova, Ivana"]
[Result "1-0"]
[ECO "A10"]
[WhiteElo "1789"]
[BlackElo "1286"]
[Annotator "NA RC COMBH"]
[PlyCount "95"]
[EventDate "2022.09.24"]
[EventType "swiss"]
[EventCountry "SVK"]
[SourceTitle "playchess.com"]
[Source "ChessBase"]
[SourceQuality "1"]
[TimeControl "40/5400+30:1800+30"]

1. c4 f5 2. Nf3 Nf6 3. b3 g6 4. Bb2 Bg7 5. e3 c5 6. Be2 Nc6 7. O-O d6 8. d4 cxd4 9. exd4 d5 10. Nc3 e6 11. Re1 O-O 12. Ne5 Ne4 13. cxd5 Nxc3 14. Bxc3 exd5 15. f4 Be6 16. Bb5 Nxe5 17. fxe5 Rc8 18. Bb4 Rf7 19. Bd6 Bf8 20. Bxf8 Qxf8 21. Qd2 f4 22. Be2 g5 23. h3 Qh6 24. Rac1 Rfc7 25. Bf3 Qh4 26. Rxc7 Rxc7 27. Rc1 Rd7 28. b4 Qg3 29. Qf2 Qxf2+ 30. Kxf2 Kg7 31. g4 fxg3+ 32. Kxg3 Kg6 33. Bg4 Bxg4 34. hxg4 h5 35. gxh5+ Kxh5 36. Rf1 Kg6 37. Kg4 Rh7 38. Rf6+ Kg7 39. Kxg5 Rh2 40. Rd6 Rg2+ 41. Kf5 Rf2+ 42. Ke6 Rf8 43. Rd7+ Kg6 44. Rxb7 Re8+ 45. Kxd5 Kf5 46. Rf7+ Kg4 47. Ke4 Rd8 48. e6 1-0

[Event "Kezmarok Chess Open 2022"]
[Site "Kezmarok"]
[Date "2022.09.30"]
[Round "8.18"]
[White "Hanina, Marcel"]
[Black "Kolek, Stefan"]
[Result "1-0"]
[ECO "A04"]
[WhiteElo "1411"]
[BlackElo "1524"]
[Annotator "NA RC COMBH"]
[PlyCount "110"]
[EventDate "2022.09.24"]
[EventType "swiss"]
[EventCountry "SVK"]
[SourceTitle "playchess.com"]
[Source "ChessBase"]
[SourceQuality "1"]
[TimeControl "40/5400+30:1800+30"]

1. Nf3 e6 2. g3 d5 3. Bg2 c5 4. O-O Nf6 5. d3 Bd7 6. Nbd2 Bc6 7. Ne5 Qc7 8. Ndf3 Bd6 9. Nxc6 Nxc6 10. Re1 O-O 11. e4 d4 12. Qe2 Nd7 13. b3 Rac8 14. Bb2 Nde5 15. Nd2 b5 16. f4 Nd7 17. e5 Be7 18. Ne4 Nb4 19. c4 dxc3 20. Bxc3 Nd5 21. Bd2 Qb6 22. Nf2 Rc7 23. Bxd5 exd5 24. e6 fxe6 25. Qxe6+ Qxe6 26. Rxe6 Bf6 27. Rae1 Kf7 28. R6e2 c4 29. dxc4 dxc4 30. bxc4 bxc4 31. Ne4 Bd4+ 32. Kg2 c3 33. Bc1 Nc5 34. Nd6+ Kg8 35. Re8 g6 36. Rxf8+ Kxf8 37. Re8+ Kg7 38. Nb5 Rd7 39. Nxd4 Rxd4 40. Rc8 Ne4 41. Kf3 Rd1 42. Ba3 Nd2+ 43. Ke2 Ra1 44. Rxc3 Nb1 45. Rc7+ Kh6 46. Bf8+ Kh5 47. Rxh7+ Kg4 48. Rxa7 Nc3+ 49. Kd3 Rxa2 50. Rxa2 Nxa2 51. Kc2 Kh3 52. g4 Kxh2 53. f5 Kh3 54. f6 g5 55. f7 Kxg4 1-0

[Event "Kezmarok Chess Open 2022"]
[Site "Kezmarok"]
[Date "2022.10.01"]
[Round "9.1"]
[White "Wisniewski, Michal"]
[Black "Dubessay, Bastien"]
[Result "1/2-1/2"]
[ECO "A06"]
[WhiteElo "2152"]
[BlackElo "2259"]
[Annotator "TA"]
[PlyCount "28"]
[EventDate "2022.09.24"]
[EventType "swiss"]
[EventCountry "SVK"]
[SourceTitle "playchess.com"]
[Source "ChessBase"]
[SourceQuality "1"]
[TimeControl "40/5400+30:1800+30"]

1. Nf3 d5 2. e3 Nf6 3. c4 e6 4. b3 Be7 5. Bb2 O-O 6. Nc3 b6 7. cxd5 {[%emt 0:00:28] A13: English Opening: 1...e6.} exd5 8. d4 {[%emt 0:00:04] [#] Not much happened in this game.} {Predecessor:} Bf5 $146 9. Bd3 Bxd3 10. Qxd3 Re8 11. O-O Bd6 12. Nb5 Bf8 13. Ne5 a6 14. Nc3 Nbd7 {1-0 (91) Sjugirov,S (2696)-Dubov,D (2702) Chess.com INT 2022} 1/2-1/2

[Event "Kezmarok Chess Open 2022"]
[Site "Kezmarok"]
[Date "2022.10.01"]
[Round "9.2"]
[White "Bazakutsa, Svyatoslav"]
[Black "Jablonicky, Martin"]
[Result "0-1"]
[ECO "E71"]
[WhiteElo "2182"]
[BlackElo "2344"]
[Annotator "TA"]
[PlyCount "119"]
[EventDate "2022.09.24"]
[EventType "swiss"]
[EventCountry "SVK"]
[SourceTitle "playchess.com"]
[Source "ChessBase"]
[SourceQuality "1"]
[TimeControl "40/5400+30:1800+30"]

1. c4 g6 2. e4 Bg7 3. d4 d6 4. Nc3 Nf6 5. h3 e5 6. d5 {[%emt 0:00:07] E71: King's Indian: 4 e4 d6 5 h3.} a5 7. Be3 Na6 8. g4 {[%emt 0:01:04][%cal Bg2g4,Bg4g5][%mdl 32] White is slightly better.} Nc5 9. f3 h5 10. g5 Nfd7 11. h4 O-O 12. Qd2 {[%emt 0:03:04] [#]} Nb6 $146 ({Predecessor:} 12... c6 13. Rd1 a4 14. Nge2 Ra6 15. Ng3 f6 16. Be2 Rf7 17. Rc1 Nf8 18. Kf2 fxg5 19. hxg5 {1-0 (63) Kubicki,T (2443)-Mehlhorn,U (2380) ICCF email 2018}) 13. b3 c6 14. Nh3 cxd5 15. cxd5 Bd7 16. Rc1 Qe7 17. Nf2 Rfc8 18. Nd3 Bf8 19. Nxc5 (19. Kf2 {with more complications.} a4 20. Rb1 Qd8 21. Bxc5 dxc5 22. Nxe5 axb3 23. axb3 Bg7 24. Nxd7 Nxd7 25. Rc1) 19... dxc5 20. Nb5 Bxb5 21. Bxb5 Rc7 22. O-O Nc8 23. Qf2 b6 24. f4 {[%emt 0:09:02] Black must now prevent fxe5.} Nd6 25. Bd3 (25. Bc6 $1 $16 Rxc6 26. dxc6) 25... Bg7 $11 26. f5 {[%emt 0:02:20] f6 is the strong threat.} Qe8 (26... gxf5 $2 27. exf5 f6 28. Qg3 $18) (26... Qd7 $1 $11 {remains equal.}) 27. f6 (27. Kg2 $16) 27... Bf8 28. Qe2 Qd7 29. Bf2 a4 30. Bg3 Re8 31. Kh2 Ra7 32. Ra1 b5 $1 33. Rfc1 Ra5 34. Rab1 (34. Rxc5 Nxe4 $1 35. Qxe4 (35. Rxb5 $2 Nc3 $19) (35. Bxb5 $2 Rxb5 36. Qxb5 Nxc5 $19) 35... Bxc5 $17) (34. b4 $11 cxb4 35. Rab1) 34... axb3 $15 35. axb3 Ra3 36. Bc2 {[%emt 0:02:47] [#]} (36. Qb2 $2 c4 $1 37. Bc2 (37. Qxa3 $2 cxd3 38. b4 d2 $19) 37... b4 $19) (36. Rb2 $142) 36... c4 $1 $17 37. bxc4 (37. Ra1 Rea8 38. Rxa3 (38. Bxe5 $2 cxb3 39. Bxb3 Qe8 $19) 38... Rxa3 39. bxc4 (39. Bxe5 $2 cxb3 40. Bb1 Nc4 $19) 39... bxc4 $15) 37... bxc4 38. Ra1 ({Worse is} 38. Qg2 Nb5 39. Bd1 Nc3 $15) 38... Rea8 ({But not} 38... Rc3 39. Ba4 Qxa4 40. Rxa4 $16) 39. Rxa3 Rxa3 40. Rb1 $2 {[%emt 0:02:44][%mdl 8192] Loses the game.} (40. Rg1 $17) 40... Nb5 $19 41. Qg2 Nd4 {[%emt 0:30:19] And now ...Ra2 would win.} 42. Bd1 c3 43. Rc1 Qa7 {[%emt 0:00:00] Hoping for ...Ra2.} 44. Bf2 Qc7 45. Bc2 Ra2 46. Be3 Ba3 47. d6 Qxd6 {[%emt 0:00:00] Black mates.} 48. Rd1 Rxc2 49. Qxc2 Nxc2 50. Rxd6 Bxd6 51. Bf2 Nd4 52. Kg2 c2 53. Be3 Ba3 54. Kf2 c1=Q 55. Bxc1 Bxc1 56. Kg2 Bd2 57. Kf2 Kf8 58. Kf1 Nf3 59. Ke2 Nxg5 60. Kxd2 {Weighted Error Value: White=0.47/Black=0.06 (flawless)} 0-1

[Event "Kezmarok Chess Open 2022"]
[Site "Kezmarok"]
[Date "2022.10.01"]
[Round "9.3"]
[White "Demeter, Peter"]
[Black "Berezjuk, Sergej"]
[Result "0-1"]
[ECO "A06"]
[WhiteElo "2067"]
[BlackElo "2382"]
[Annotator "TA"]
[PlyCount "132"]
[EventDate "2022.09.24"]
[EventType "swiss"]
[EventCountry "SVK"]
[SourceTitle "playchess.com"]
[Source "ChessBase"]
[SourceQuality "1"]
[TimeControl "40/5400+30:1800+30"]

1. Nf3 d5 2. g3 c6 3. Bg2 Bg4 4. h3 Bh5 5. d3 Nd7 6. e4 {[%emt 0:03:07] A07: Réti Opening: New York and Capablanca Systems.} e5 (6... dxe4 $11 7. dxe4 Ngf6) 7. O-O Bd6 8. Nc3 {[%emt 0:03:45] White is slightly better.} d4 9. Ne2 f6 {[%emt 0:01:43] [#]} 10. c3 $146 ({Predecessor:} 10. Nh4 Ne7 11. c3 c5 12. Nf5 Nxf5 13. exf5 Qc7 14. c4 Bf7 15. a3 g6 16. fxg6 hxg6 {0-1 (26) Flesch,J-Lein,A Budapest 1963}) 10... c5 11. Nh4 (11. b4 {seems wilder.} dxc3 12. bxc5 Bxc5 13. d4) 11... Bf7 (11... Ne7 $11) 12. f4 (12. b4 $14) 12... g6 ({Black should try} 12... Ne7 $11) 13. cxd4 cxd4 14. Kh1 (14. Qa4 {is interesting.} h6 15. Bd2 a6 16. fxe5 fxe5 17. Rac1) 14... Ne7 15. fxe5 Bxe5 16. Nf3 Nc6 17. Nxe5 Ndxe5 18. Bh6 Rg8 {[%emt 0:02:31] Against Bg7} 19. Bf4 (19. Nf4 {is more complex.} g5 20. Nd5 Rg6 21. Rxf6 Rxf6 22. Bxg5 Rf1+ 23. Qxf1 Qxg5 24. Nc7+) 19... Be6 20. Bxe5 (20. g4 $14) 20... fxe5 $11 21. Ng1 Qd7 22. Qa4 O-O-O 23. b4 Kb8 24. b5 Ne7 25. Nf3 Nc8 26. Kh2 Qd6 (26... Nb6 27. Qb4 $16) 27. Ng5 h6 28. Nf7 Bxf7 29. Rxf7 Rdf8 30. Raf1 Rxf7 31. Rxf7 Rf8 32. Qc4 g5 33. Rxf8 Qxf8 {[%emt 0:00:02][%mdl 4096] Endgame KQB-KQN} 34. Qe6 Qd6 35. Qe8 Kc7 36. Bf3 Ne7 37. Bg4 Kb6 38. Bd7 Ng6 39. Qd8+ Qc7 40. Qf6+ Ka5 41. Qxg6 (41. Be6 $11) 41... Qxd7 $17 42. Qxh6 Qxb5 (42... Qf7 $1 $19 43. Kg1 Qxa2 44. Qxg5 Qb1+ 45. Kf2 Qxd3 46. Qxe5 Qe3+ 47. Kf1 b6) 43. Qxg5 $15 {[%emt 0:00:00] Qd2+ is the strong threat.} Qxd3 {[%emt 0:00:18] White must now prevent ...Qc2+.} 44. Qxe5+ $11 {[%emt 0:00:00] KQ-KQ} Ka4 45. h4 $2 (45. Qc7 $15) 45... b5 $2 (45... Qc2+ $19 46. Kh3 d3 47. Qd4+ Ka3 48. Qxa7+ Kb2 49. Qxb7+ Kc1) 46. h5 $2 (46. Qf4 $1 $11) 46... Qc2+ $1 $19 {[%emt 0:01:39][%mdl 1024] Black has strong compensation.} 47. Kh3 d3 {[%emt 0:00:18] aiming for ...d2.} 48. Qd4+ {[%emt 0:00:00] [#]} Ka3 $1 {[%emt 0:04:36] Hoping for ...d2.} 49. h6 d2 50. h7 $2 (50. Qxa7+ {was the only defense.} Kb2 51. Qd4+ Kxa2 52. h7 (52. Qd5+ $2 Ka3 $19)) 50... d1=Q {[%emt 0:00:41][%cal Rd1h5] The board is on fire.} 51. h8=Q {[%emt 0:00:00] Prevents Qh5+.} ({But not} 51. Qxa7+ $2 Qa4 52. Qe3+ Kb4 $19) 51... Qh1+ ({Stronger than} 51... Kxa2 52. Qg8+ (52. Qxa7+ Kb3 $11) 52... Kb1 53. Qxd1+ Qxd1 54. Qd5 $11) 52. Kg4 Qhxe4+ 53. Qxe4 Qxe4+ {[%emt 0:00:01] KQ-KQ} 54. Kg5 Kxa2 55. Qb8 $2 (55. Qc3) 55... Qd5+ 56. Kh6 a5 57. g4 Qe6+ $2 (57... b4 {And now ...b3 would win.} 58. Qf4 Qc6+ 59. Kg7 Qd7+ 60. Kg8 b3) 58. Kh5 Qf7+ 59. Kh6 {[%emt 0:00:00] [#]} Qe6+ $2 (59... Qf6+ $1 $19 60. Kh5 Qf7+ 61. Kh6 Qe6+ 62. Kh5 Qf7+) 60. Kh7 $2 (60. Kh5 $11) 60... Qd7+ 61. Kh8 b4 62. g5 b3 {[%emt 0:01:31] Black mates.} 63. g6 b2 64. Qh2 Qe8+ 65. Kh7 Ka1 66. g7 b1=Q+ {[%emt 0:00:09] Weighted Error Value: White=0.57/Black=0.33} 0-1

[Event "Kezmarok Chess Open 2022"]
[Site "Kezmarok"]
[Date "2022.10.01"]
[Round "9.4"]
[White "Manik, Mikulas"]
[Black "Hagarova, Zuzana"]
[Result "1/2-1/2"]
[ECO "B31"]
[WhiteElo "2362"]
[BlackElo "2287"]
[Annotator "TA"]
[PlyCount "37"]
[EventDate "2022.09.24"]
[EventType "swiss"]
[EventCountry "SVK"]
[SourceTitle "playchess.com"]
[Source "ChessBase"]
[SourceQuality "1"]
[TimeControl "40/5400+30:1800+30"]

1. e4 c5 2. Nf3 Nc6 3. Bb5 g6 4. Bxc6 dxc6 5. h3 Bg7 6. d3 Nf6 7. O-O Nd7 {[%emt 0:03:02] B31: Sicilian: 2...Nc6 3 Bb5 g6.} 8. Nc3 Nf8 9. Nh2 e5 {[%emt 0:06:44] The position is equal.} 10. f4 exf4 11. Bxf4 Ne6 12. Be3 {[%emt 0:02:26] [#]} Qe7 $146 ({Predecessor:} 12... Nd4 13. Nf3 h6 14. Qd2 Be6 15. Rab1 a5 16. Ne2 Bxa2 17. Ra1 Be6 18. Nexd4 cxd4 {0-1 (39) Lopez del Alamo,A (2284)-Sanal,V (2563) Chess.com INT 2021}) 13. Qd2 h6 (13... Nd4 $11) 14. Rae1 $16 {[%emt 0:06:42][%cal Oe4e5] White is more active.} Bd7 15. Qf2 b6 16. Kh1 Ng5 (16... O-O $11 {keeps the balance.}) 17. e5 (17. Bxg5 $16 hxg5 18. Nd5 cxd5 19. exd5) 17... Be6 18. Nf3 O-O-O 19. Qg3 {[%emt 0:04:29] Weighted Error Value: White=0.18 (very precise) /Black=0.20 (precise)} 1/2-1/2

[Event "Kezmarok Chess Open 2022"]
[Site "Kezmarok"]
[Date "2022.10.01"]
[Round "9.5"]
[White "Sosovickova, Jana"]
[Black "Walter, Ema"]
[Result "1/2-1/2"]
[ECO "C60"]
[WhiteElo "2039"]
[BlackElo "2062"]
[Annotator "TA"]
[PlyCount "96"]
[EventDate "2022.09.24"]
[EventType "swiss"]
[EventCountry "SVK"]
[SourceTitle "playchess.com"]
[Source "ChessBase"]
[SourceQuality "1"]
[TimeControl "40/5400+30:1800+30"]

1. e4 e5 2. Nf3 Nc6 3. Bb5 Nge7 4. Nc3 Ng6 5. d4 exd4 6. Nxd4 {C60: Ruy Lopez: Unusual Black 3rd moves and 3...g6.} Nxd4 $1 {[%mdl 4] now scores much better than the old 6...Bc5.} 7. Qxd4 c6 8. Be2 {White has an edge.} Qb6 9. Qxb6 axb6 10. Be3 Bc5 {[#]} 11. Nd1 $146 (11. Bxc5 bxc5 12. a4 b5 13. O-O b4 14. Nd1 d6 15. Ne3 Ke7 16. f4 Rd8 17. Nc4) ({Predecessor:} 11. Bxc5 bxc5 12. a4 b5 13. O-O b4 14. Nd1 d6 15. Ne3 Ke7 16. f4 Rd8 17. Nc4 {0-1 (46) Morkunas,G (1967)-Andersen,M (2574) Katowice 2021}) 11... Kd8 12. O-O Re8 13. Bf3 Kc7 14. g3 d6 15. Bg2 Be6 (15... f5 $5 ) 16. a3 Ne7 17. Rc1 f5 18. Bxc5 bxc5 19. Nc3 b5 20. Rfe1 b4 21. axb4 cxb4 22. Ne2 fxe4 23. Nd4 Bd5 24. Bxe4 Kd7 25. c4 bxc3 26. Rxc3 (26. bxc3 $11 c5 27. Nb5 Bxe4 28. Rxe4) 26... c5 27. Nf3 Bxe4 28. Rxe4 Nd5 $36 {[%csl LRc3,LRe4][%mdl 2048] Black is pushing.} 29. Rxe8 Rxe8 $15 {[%mdl 4096] Endgame KRN-KRN} ({Much less strong is} 29... Kxe8 30. Rd3 Nf6 31. Rxd6 $16) 30. Ra3 Kc6 31. Ra7 Nc7 32. Kf1 h6 33. Nd2 d5 34. Nb3 Rb8 {[#]} ({Better is} 34... Kb6 $17 35. Ra1 g5) 35. Nxc5 $1 $11 {[%cal Oa7c7] Strongly threatening Rxc7+!} Nb5 (35... Kb6 $2 36. Rxc7 $1 Re8 37. Na6 $1 $18 (37. Rxg7 Kxc5 38. Rc7+ Kd6 $18)) (35... Rxb2 $11 {keeps the balance.} 36. Nd3 Rd2) (35... Kxc5 36. Rxc7+) 36. Na6 $16 {White is more active.} Rb6 37. Rxg7 (37. Nb4+ $1 $16 {is necessary to keep the advantage.} Kc5 38. Ra4) 37... Rxa6 {KRN-KR} 38. Rg6+ {[#]} Kb7 $2 (38... Nd6 $1 $19 {...Rb6 is the strong threat.} 39. Rxh6 Rb6) 39. Rxa6 $11 Kxa6 {KN-KP} 40. Ke2 Kb6 41. Kd3 {Prevents Nd4.} Kc5 42. h4 {[#]} (42. g4 $11 {remains equal.}) 42... Kd6 (42... Nc7 $1 $17 {White must now prevent ...d4.} 43. b3 d4) 43. g4 {The position is equal.} Ke5 44. g5 hxg5 45. hxg5 Kf5 46. f4 Kg6 (46... Kxf4 $2 47. g6 $18) 47. Ke3 Kf5 48. Kd3 Kg6 {Weighted Error Value: White=0.34/Black=0.35} (48... Kxf4 $2 49. g6 $18) 1/2-1/2